Map: Black Site 2E

Players

Raynar - Winner!

  • Race: Protoss Protoss
  • Spawn Location: 11:00

TNF - Winner!

  • Race: Protoss Protoss
  • Spawn Location: 9:00

Throwfordays - Winner!

  • Race: Protoss Protoss
  • League: Silver
  • Spawn Location: 12:00

VOD

Have the link to the VOD?

Description

Time

  • Played on: April 27, 2019, 12:38 p.m.
  • Length: 24:38
Show
View Real Time Build Order
Export as new Build Order

Raynar Protoss - Winner!

Build Orders:  

Get SALT Encoding   

  12  0:00  Probe (Chrono Boost)  
  13  0:11  Probe (Chrono Boost)  
  14  0:25  Pylon  
  14  0:34  Probe (Chrono Boost)  
  15  0:53  Probe (Chrono Boost)  
  15  0:54  Gateway  
  17  1:10  Assimilator, Probe (Chrono Boost)  
  17  1:25  Probe (Chrono Boost)  
  18  1:36  Probe (Chrono Boost)  
  18  1:48  Probe (Chrono Boost)  
  19  1:56  Pylon  
  20  2:02  Cybernetics Core  
  20  2:04  Probe (Chrono Boost)  
  22  2:21  Probe (Chrono Boost)  
  22  2:34  Zealot  
  22  2:38  Probe (Chrono Boost)  
  25  2:43  Forge  
  25  2:55  Probe (Chrono Boost)  
  26  3:14  Nexus  
  26  3:20  Pylon  
  26  3:27  Probe (Chrono Boost)  
  27  3:40  Protoss Ground Weapons Level 1  
  27  3:41  Assimilator  
  27  3:44  Probe (Chrono Boost)  
  31  4:01  Probe (Chrono Boost)  
  31  4:18  Probe (Chrono Boost)  
  32  4:33  Warp Gate  
  32  4:34  Unknown  
  32  4:42  Gateway  
  32  4:52  Gateway  
  32  4:54  Twilight Council  
  32  4:59  Robotics Facility  
  32  5:02  Pylon  
  32  5:07  Pylon  
  32  5:14  Pylon, Probe (Chrono Boost)  
  33  5:25  Probe (Chrono Boost)  
  34  5:38  Probe (Chrono Boost)  
  34  5:41  Gateway  
  34  5:42  Pylon  
  35  5:51  Robotics Facility  
  35  6:13  Probe (Chrono Boost)  
  35  6:15  Probe (Chrono Boost)  
  37  6:25  Adept x2  
  37  6:29  Immortal  
  41  6:32  Probe (Chrono Boost)  
  42  6:49  Probe (Chrono Boost)  
  47  7:03  Probe (Chrono Boost)  
  47  7:06  Probe (Chrono Boost)  
  47  7:08  Warp Prism  
  51  7:19  Probe (Chrono Boost)  
  52  7:23  Probe (Chrono Boost)  
  53  7:39  Adept x2  
  58  7:40  Probe (Chrono Boost)  
  58  7:42  Protoss Ground Weapons Level 2  
  58  7:44  Sentry  
  60  7:52  Assimilator  
  60  7:55  Probe (Chrono Boost)  
  60  7:57  Assimilator, Probe (Chrono Boost)  
  62  8:01  Immortal  
  62  8:03  Unknown  
  62  8:06  Probe (Chrono Boost)  
  62  8:14  Probe (Chrono Boost)  
  68  8:21  Probe (Chrono Boost)  
  70  8:31  Probe (Chrono Boost)  
  70  8:32  Stalker  
  70  8:33  Stalker  
  70  8:38  Probe (Chrono Boost)  
  75  8:48  Immortal  
  75  8:50  Adept  
  75  8:51  Adept  
  75  8:55  Probe (Chrono Boost)  
  84  9:14  Probe (Chrono Boost)  
  84  9:16  Probe (Chrono Boost)  
  86  9:39  Pylon  
  86  9:47  Pylon x2  
  86  9:48  Gateway  
  86  9:51  Gateway  
  86  10:07  Probe x2 (Chrono Boost)  
  88  10:24  Probe x2 (Chrono Boost)  
  90  10:34  Immortal  
  90  10:35  Immortal  
  90  10:37  Stalker  
  90  10:38  Stalker x2  
  90  10:39  Stalker  
  106  11:20  Sentry x2  
  92  12:31  Stalker x4  
  92  12:32  Stalker x2  
  96  13:00  Immortal  
  96  13:01  Immortal  
  104  13:13  Robotics Bay  
  104  13:16  Pylon  
  104  13:18  Pylon  
  104  13:20  Protoss Ground Weapons Level 3  
  104  13:21  Pylon  
  104  13:32  Pylon  
  104  13:47  Sentry  
  106  14:27  Immortal  
  110  14:30  Nexus  
  110  14:31  Charge, Immortal  
  114  14:45  Zealot x3  
  114  14:46  Zealot x3  
  126  14:55  Extended Thermal Lance  
  124  15:40  Pylon  
  124  15:41  Pylon  
  124  15:46  Assimilator  
  124  15:51  Assimilator  
  124  15:52  Sentry  
  124  15:58  Colossus x2, Stalker  
  124  15:59  Stalker  
  143  17:02  Probe (Chrono Boost)  
  143  17:03  Disruptor  
  143  17:06  Protoss Shields Level 1  
  143  17:07  Blink  
  143  17:19  Probe (Chrono Boost)  
  147  17:22  Shield Battery  
  147  17:26  Shield Battery  
  147  17:29  Shield Battery, Photon Cannon  
  147  17:31  Photon Cannon  
  147  17:34  Photon Cannon  
  147  17:36  Photon Cannon, Probe (Chrono Boost)  
  148  17:52  Probe (Chrono Boost)  
  145  18:09  Probe (Chrono Boost)  
  142  18:56  Warp Prism  
  142  18:57  Warp Prism  
  142  18:59  Stalker  
  144  19:00  Stalker x4  
  144  19:01  Stalker  
  143  19:42  Stalker x2  
  143  19:43  Stalker x4  
  151  19:50  Photon Cannon  
  151  19:52  Protoss Ground Armor Level 1  
  151  20:59  Adept x2  
  153  21:00  Adept x4  
  151  21:35  Adept  
  151  21:37  Sentry x2  
  151  21:38  Colossus x2  
  151  21:39  Zealot x3  
  161  21:49  Gravitic Drive  
  159  23:49  Probe (Chrono Boost)  
  156  23:50  Zealot x4  
  156  23:51  Zealot x2  
  168  24:20  Stalker  
  168  24:21  Stalker  
Show
View Real Time Build Order
Export as new Build Order

TNF Protoss - Winner!

Build Orders:  

Get SALT Encoding   

  12  0:09  Probe (Chrono Boost)  
  13  0:26  Probe (Chrono Boost)  
  14  0:38  Pylon  
  14  0:43  Probe (Chrono Boost)  
  14  0:44  Assimilator  
  15  1:05  Probe (Chrono Boost)  
  15  1:06  Assimilator  
  16  1:22  Probe (Chrono Boost)  
  17  1:39  Probe (Chrono Boost)  
  18  1:50  Forge  
  18  1:56  Probe (Chrono Boost)  
  19  2:13  Probe (Chrono Boost)  
  19  2:19  Pylon  
  20  2:28  Gateway  
  20  2:37  Gateway  
  20  2:53  Photon Cannon  
  20  2:59  Photon Cannon  
  20  3:08  Photon Cannon  
  20  3:46  Cybernetics Core  
  20  3:54  Zealot  
  20  3:57  Zealot  
  24  4:11  Photon Cannon  
  24  4:19  Photon Cannon  
  24  4:49  Stalker  
  26  4:52  Stalker  
  28  5:09  Shield Battery  
  28  5:37  Protoss Shields Level 1  
  30  5:52  Pylon  
  30  6:01  Pylon  
  30  6:13  Unknown  
  32  6:42  Nexus  
  32  6:52  Assimilator  
  32  6:58  Assimilator  
  32  6:59  Unknown  
  32  7:11  Stargate  
  32  7:28  Stargate  
  36  8:14  Unknown, Zealot  
  38  8:23  Unknown, Zealot  
  40  8:34  Fleet Beacon  
  40  8:37  Protoss Ground Weapons Level 1  
  40  8:56  Void Ray  
  44  9:21  Void Ray  
  44  9:27  Probe (Chrono Boost)  
  49  9:44  Probe (Chrono Boost)  
  49  10:01  Probe (Chrono Boost)  
  45  10:14  Protoss Air Weapons Level 1  
  45  10:18  Probe (Chrono Boost)  
  44  10:35  Probe (Chrono Boost)  
  44  10:37  Tempest  
  50  10:52  Probe (Chrono Boost)  
  51  11:09  Probe (Chrono Boost)  
  52  11:26  Probe (Chrono Boost)  
  53  11:34  Tempest  
  53  11:37  Protoss Ground Armor Level 1  
  58  11:43  Probe (Chrono Boost)  
  60  12:00  Probe (Chrono Boost)  
  60  12:17  Probe (Chrono Boost)  
  61  12:34  Probe (Chrono Boost)  
  62  13:03  Photon Cannon  
  62  13:12  Photon Cannon  
  62  13:19  Photon Cannon  
  62  14:10  Pylon  
  62  14:18  Pylon  
  62  14:30  Pylon  
  62  14:35  Tempest  
  62  14:36  Pylon  
  67  14:43  Tempest  
  64  15:06  Stalker  
  66  15:11  Stalker  
  68  15:21  Tempest  
  68  15:29  Tempest  
  82  16:21  Void Ray  
  82  16:29  Void Ray  
  90  16:30  Unknown, Zealot  
  90  16:35  Unknown, Zealot  
  94  17:11  Nexus  
  94  17:23  Pylon  
  94  17:32  Pylon  
  94  17:39  Pylon  
  94  17:46  Photon Cannon  
  94  17:48  Tempest, Stalker  
  101  17:55  Photon Cannon  
  101  17:57  Tempest  
  106  18:15  Stalker  
  91  19:54  Photon Cannon  
  91  19:57  Photon Cannon  
  91  20:00  Photon Cannon  
  91  20:04  Photon Cannon  
  91  20:08  Photon Cannon  
  91  20:12  Photon Cannon  
  91  20:17  Photon Cannon  
  91  20:25  Tempest  
  91  20:28  Stalker  
  98  20:30  Stalker  
  98  20:32  Tempest  
  105  21:25  Tempest  
  110  21:32  Tempest  
  115  21:52  Nexus, Unknown, Zealot  
  115  21:54  Unknown  
  117  23:32  Zealot, Stalker  
Show
View Real Time Build Order
Export as new Build Order

Throwfordays Protoss - Winner!

Build Orders:  

Get SALT Encoding   

  12  0:05  Probe (Chrono Boost)  
  13  0:28  Pylon  
  13  0:29  Probe (Chrono Boost)  
  14  0:46  Probe (Chrono Boost)  
  15  0:54  Gateway  
  15  1:06  Assimilator, Probe (Chrono Boost)  
  16  1:17  Probe (Chrono Boost)  
  16  1:29  Probe (Chrono Boost)  
  18  1:43  Probe (Chrono Boost)  
  20  2:00  Probe (Chrono Boost)  
  20  2:01  Cybernetics Core  
  20  2:24  Nexus  
  20  2:34  Pylon  
  20  2:46  Assimilator  
  20  2:55  Robotics Facility  
  20  3:07  Probe (Chrono Boost)  
  21  3:23  Probe (Chrono Boost)  
  21  3:28  Gateway  
  23  3:40  Probe (Chrono Boost)  
  23  3:43  Gateway  
  23  4:06  Immortal  
  27  4:15  Probe (Chrono Boost)  
  27  4:19  Warp Gate  
  28  4:26  Probe (Chrono Boost)  
  30  4:32  Probe (Chrono Boost)  
  32  4:43  Probe (Chrono Boost)  
  35  4:55  Probe (Chrono Boost)  
  35  4:59  Probe (Chrono Boost)  
  38  5:12  Probe (Chrono Boost)  
  38  5:20  Unknown  
  38  5:22  Forge  
  38  5:25  Twilight Council  
  38  5:27  Unknown  
  38  5:32  Probe (Chrono Boost)  
  38  5:37  Probe (Chrono Boost)  
  40  5:43  Probe (Chrono Boost)  
  40  5:48  Probe (Chrono Boost)  
  41  5:57  Probe (Chrono Boost)  
  43  6:01  Probe (Chrono Boost)  
  43  6:06  Pylon  
  44  6:20  Pylon  
  44  6:31  Assimilator, Immortal  
  44  6:32  Protoss Ground Weapons Level 1  
  44  6:38  Assimilator  
  48  6:48  Adept x2  
  48  6:49  Adept  
  54  7:02  Robotics Bay  
  55  7:11  Probe (Chrono Boost)  
  55  7:12  Immortal  
  55  7:16  Probe (Chrono Boost)  
  56  7:28  Probe (Chrono Boost)  
  61  7:33  Probe (Chrono Boost)  
  62  7:41  Robotics Facility  
  62  7:51  Pylon  
  62  7:54  Pylon  
  62  7:57  Pylon  
  62  8:16  Immortal  
  62  8:19  Probe x2 (Chrono Boost)  
  68  8:26  Robotics Facility  
  68  8:37  Probe (Chrono Boost)  
  69  8:52  Nexus  
  69  8:54  Unknown, Probe (Chrono Boost)  
  69  8:57  Colossus  
  77  9:11  Probe (Chrono Boost)  
  77  9:32  Assimilator  
  77  9:37  Colossus  
  77  9:38  Assimilator  
  83  9:43  Pylon  
  83  9:48  Pylon  
  83  10:21  Extended Thermal Lance  
  84  10:41  Probe (Chrono Boost)  
  84  10:44  Probe (Chrono Boost)  
  84  10:47  Probe (Chrono Boost)  
  86  10:58  Probe (Chrono Boost)  
  88  11:01  Unknown x2, Probe (Chrono Boost)  
  88  11:04  Probe (Chrono Boost)  
  89  11:15  Probe (Chrono Boost)  
  89  11:18  Probe (Chrono Boost)  
  92  11:21  Probe (Chrono Boost)  
  93  11:32  Probe (Chrono Boost)  
  93  11:38  Probe (Chrono Boost)  
  94  11:49  Probe (Chrono Boost)  
  85  13:04  Colossus x3  
  103  13:26  Pylon  
  103  13:28  Pylon  
  104  13:30  Pylon  
  104  13:32  Protoss Ground Weapons Level 2, Probe (Chrono Boost)  
  104  13:34  Probe (Chrono Boost)  
  105  13:41  Stalker x3  
  112  13:51  Probe (Chrono Boost)  
  113  14:01  Probe (Chrono Boost)  
  113  14:08  Probe (Chrono Boost)  
  114  14:18  Probe (Chrono Boost)  
  114  14:19  Nexus  
  115  14:21  Immortal x3  
  115  14:22  Assimilator  
  115  14:29  Assimilator  
  127  14:33  Pylon, Stalker  
  127  14:34  Stalker x2  
  127  14:38  Pylon  
  127  15:00  Blink  
  127  15:16  Immortal x3  
  139  15:22  Pylon  
  139  15:24  Pylon  
  139  15:26  Templar Archives  
  139  15:27  Pylon  
  139  15:30  Pylon, Dark Shrine  
  139  15:33  Pylon  
  139  15:39  Gateway  
  139  15:40  Pylon  
  139  15:42  Gateway  
  139  15:45  Gateway  
  139  15:49  Gateway  
  139  15:52  Gateway  
  139  16:03  Probe (Chrono Boost)  
  141  16:20  Probe (Chrono Boost)  
  141  16:33  Probe (Chrono Boost)  
  141  16:37  Probe (Chrono Boost)  
  101  16:40  Probe (Chrono Boost)  
  144  16:43  Psionic Storm  
  144  16:48  Probe (Chrono Boost)  
  145  16:54  Probe (Chrono Boost)  
  145  16:56  Probe (Chrono Boost)  
  147  17:05  Probe (Chrono Boost)  
  148  17:10  High Templar x3  
  148  17:11  High Templar x3  
  148  17:12  High Templar x2  
  148  17:13  Probe (Chrono Boost)  
  148  17:17  Protoss Ground Weapons Level 3  
  148  17:19  Archon  
  166  17:20  Archon x3  
  166  17:22  Probe (Chrono Boost)  
  167  17:30  Probe (Chrono Boost)  
  167  17:32  Forge  
  167  17:34  Forge  
  167  17:36  Cybernetics Core  
  167  17:39  Probe (Chrono Boost)  
  168  17:47  Probe (Chrono Boost)  
  169  17:56  Probe (Chrono Boost)  
  169  17:58  Gravitic Boosters  
  170  18:00  High Templar  
  170  18:01  High Templar x3  
  170  18:02  High Templar x4  
  186  18:10  Charge  
  186  18:19  Archon x4  
  182  18:54  High Templar  
  182  18:55  High Templar x4  
  182  18:56  High Templar x3  
  182  18:58  Gravitic Drive  
  198  19:04  Archon x3  
  198  19:05  Archon  
  198  19:11  Warp Prism  
  200  19:47  Protoss Ground Armor Level 1  
  200  19:48  Protoss Shields Level 1  
  160  22:11  Zealot x4  
  160  22:12  Zealot x4  
  176  23:01  Zealot x3  
  176  23:02  Zealot x5  
  192  23:33  Zealot x3  
  192  23:34  Zealot  
  192  23:35  Unknown  
Tags
 
League
Silver
Matchup
Co-op
Replay Pack
Multiplayer
Add a new tag
Caveats
  • Supply blocks, unpowered buildings, or Contaminate may cause inaccurate times.
  • Supply counts are checked every 10 seconds.